 Dungeon Crawl Stone Soup version 0.31-a0-819-gf6de2f5ab6 (webtiles) character file.

Game seed: 9277895337590357481

1101 qw the Skirmisher (level 8, -2/51 HPs)
             Began as a Gargoyle Hunter on Sept 23, 2023.
             Was an Initiate of Okawaru.
             Slain by an orc warrior
             ... wielding a +0 halberd
              (14 damage)
             ... on level 5 of the Dungeon.
             The game lasted 00:01:27 (3368 turns).

qw the Skirmisher (Gargoyle Hunter)                 Turns: 3368, Time: 00:01:28

Health: -2/51      AC:  4    Str: 15    XL:     8   Next: 32%
Magic:  7/7        EV: 12    Int: 14    God:    Okawaru [......]
Gold:   360        SH:  0    Dex: 15    Spells: 7/7 levels left

rFire   + . .        Y - +0 shortbow
rCold   . . .        (shield currently unavailable)
rNeg    + . .        p - +1 robe of Hukunebyrch {Regen+ Int+4}
rPois   inf          (no helmet)
rElec   +            (no cloak)
rCorr   .            (no gloves)
SInv    .            (no boots)
Will    .....        (no amulet)
Stlth   ++           h - +4 ring of slaying {mikee}
HPRegen 1.08/turn    e - ring of protection from fire
MPRegen 0.10/turn

%: no passive effects
@: about to teleport, corroded, flying
A: sickness immunity, AC +5, negative energy resistance 1, electricity
resistance, torment resistance 1, petrification resistance, big wings, low MP 1
a: Renounce Religion


You were on level 5 of the Dungeon.
You worshipped Okawaru.
Okawaru was noncommittal.
You visited 2 branches of the dungeon, and saw 7 of its levels.

You collected 360 gold pieces.


Innate Abilities, Weirdness & Mutations

You are immune to sickness and miasma.
Your stone body is resilient. (AC +5)
You are immune to poison.
You resist negative energy. (rN+)
You are resistant to electric shocks. (rElec)
You are resistant to unholy torment.
You are immune to petrification.
Your large and strong wings let you fly.
Your magical capacity is low. (-10% MP)


   Skills:
 + Level 5.7 Fighting
 - Level 9.1 Ranged Weapons
 - Level 2.0 Dodging
 - Level 1.1 Stealth


You had 7 spell levels left.
You didn't know any spells.
Your spell library was empty.

Inventory:

Hand Weapons
 Y - a +0 shortbow (weapon)
Armour
 p - the +1 robe of Hukunebyrch (worn) {Regen+ Int+4}
   (You found it on level 4 of the Dungeon)

   Int+4:     It affects your intelligence (+4).
   Regen+:    It increases your rate of health regeneration.
Jewellery
 c - a ring of positive energy
 e - a ring of protection from fire (right hand)
 h - a +4 ring of slaying (left hand) {mikee}
 n - a ring of protection from cold
Scrolls
 a - a scroll of identify
Potions
 b - a potion of haste
 d - a potion of mutation
 j - a potion of cancellation {unknown}
 k - a potion of lignification {unknown}
 l - 3 potions of might

Dungeon Overview and Level Annotations

Branches:
Dungeon (6/15)             Temple (1/1) D:5

Altars:
Ashenzari
Cheibriados
Dithmenos
Fedhas
Gozag
Hepliaklqana
Kikubaaqudgha
Makhleb
Okawaru
Qazlal
Ru
Sif Muna
Trog
Uskayaw
Vehumet
Wu Jian
Xom
Yredelemnul
Zin
The Shining One

Shops:
D:1 :


Message History

You kill the scorpion!
Okawaru accepts your kill.
Your Ranged Weapons skill increases to level 9!
There is an open door here.
l - 3 potions of might (gained 1)
Found a scroll of amnesia.
You now have 360 gold pieces (gained 16).
Found a stone staircase leading up.
An adder comes into view.
3359 ||| FLEEEEING.
3360 ||| FLEEEEING.
There is a stone staircase leading up here.
3361 ||| STAIRDANCE You fly upwards.
The rust devil screeches! x2; The orc warrior shouts!
Found a morningstar, a scimitar, a war axe and a halberd.
There is a stone staircase leading down here.
3363 |||
Found retreat position at 3,-2 (floor) with 0 blocking monsters and 3 monsters attacking at destination at distance 3 x2
3363 ||| RETREEAATING.
The orc warrior hits you from afar with a +0 halberd.
3364 |||
Found retreat position at 2,-1 (floor) with 0 blocking monsters and 3 monsters attacking at destination at distance 2
3364 ||| Stepping ~*~*~tactically~*~*~ (retreating).
The orc warrior hits you with a +0 flail!
3365 |||
Found retreat position at 1,0 (floor) with 0 blocking monsters and 3 monsters attacking at destination at distance 1
3365 ||| Stepping ~*~*~tactically~*~*~ (retreating).
The orc warrior attacks as it pursues you!
The orc warrior hits you from afar with a +0 halberd.
You see here a +0 morningstar.
You shoot an arrow. The arrow hits the rust devil.
The rust devil is lightly wounded.
You shoot an arrow. The arrow barely misses the rust devil.
The rust devil hits you. The rust devil corrodes you!
The orc warrior hits you from afar with a +0 halberd!
The orc warrior hits you with a +0 flail!
3368 ||| READING scroll of teleportation.
As you read the scroll of teleportation, it crumbles to dust.
You feel strangely unstable. The rust devil misses you.
The orc warrior hits you from afar with a +0 halberd!
You die...

.##.## #..#.....#.#####.#########
....# #....###................#.
....####..###\###..####.######.#.
####.#...##7...7##.####.# #.#.
##....#).....)#......# #>..
#...###.....###.##### ###. #...#
+..8..+ #.# #.. ###
#...###....4###.### #.. ..#
#....#)....o@#....#########..
#.###....##7..o7##.##.##.....###.
..........###>###..##.##.....# ##
............###......^.......####
>...............###.#.##.....##..
#.#.#...#.###.#.###<#.##.....##.#
..#.#...#.###.#.......#########.#
###.#...#.......###.### #.#
#.#...#..##.#.###.# ##### #.#


You could see a rust devil and 2 orc warriors.

Vanquished Creatures
  Eustachio (D:4)
  A water moccasin (D:5)
  An ice beast (D:5)
  An ogre (D:5)
  A phantom (D:5)
  2 scorpions
  A vampire bat (D:3)
  A hound (D:5)
  A jelly (D:4)
  2 orc priests (D:5)
  An iguana (D:5)
  Natasha (D:3)
  An orc wizard (D:5)
  7 adders
  A white imp (D:5)
  An ufetubus (D:5)
  5 worms
  2 dart slugs
  3 fire bats (D:3)
  7 orcs
  2 spectral bats (D:3)
  7 ball pythons
  12 bats
  3 bat skeletons (D:3)
  A bat zombie (D:3)
  11 endoplasms
  2 giant cockroaches
  6 goblins
  6 hobgoblins
  5 jackals
  7 kobolds
  4 quokkas
  A bat simulacrum (D:3)
  2 frilled lizards
  4 rats
114 creatures vanquished.

Notes
Turn   | Place    | Note
-------+----------+-------------------------------------------
     0 | D:1      | qw the Gargoyle Hunter began the quest for the Orb.
     0 | D:1      | Reached XP level 1. HP: 12/12 MP: 1/1
     0 | D:1      | 0 ||| qw: Version: 0.3-a-83-gcd0e7d8
     0 | D:1      | 0 ||| qw: Game counter: 1548
     0 | D:1      | 0 ||| qw: Melee chars always use a shield: true
     0 | D:1      | 0 ||| qw: God list: Okawaru
     0 | D:1      | 0 ||| qw: Allow faded altars: false
     0 | D:1      | 0 ||| qw: Do Orc after clearing Dungeon:15 true
     0 | D:1      | 0 ||| qw: Do second Lair branch before Depths: true
     0 | D:1      | 0 ||| qw: Lair rune preference: random
     0 | D:1      | 0 ||| qw: Goals: Normal
     0 | D:1      | 0 ||| PLANNING D:1-11
   100 | D:1      | Reached XP level 2. HP: 17/17 MP: 2/2
   171 | D:1      | Found Yrepsae's Book Shoppe.
   200 | D:1      | 200 ||| UPGRADING to +4 ring of slaying {mikee}.
   224 | D:1      | Reached XP level 3. HP: 21/21 MP: 3/3
   300 | D:1      | Reached skill level 5 in Ranged Weapons
   401 | D:1      | 401 ||| READING scroll labelled FULOYLONTA.
   402 | D:1      | 402 ||| READING scroll labelled INKIFF FE RIE.
   403 | D:1      | 403 ||| READING scroll labelled GAXZIARPHEDGH.
   408 | D:1      | 408 ||| READING scroll labelled WEHYBY HAXOF.
   409 | D:1      | 409 ||| DROPPING scroll of butterflies.
   631 | D:2      | Reached skill level 3 in Fighting
   664 | D:2      | Reached XP level 4. HP: 28/28 MP: 4/4
   813 | D:2      | 813 ||| UPGRADING to ring of protection from fire.
   814 | D:2      | 814 ||| DRINKING 2 golden potions.
   814 | D:2      | Gained mutation: Your mind is acute. (Int +4, Str/Dex -1)
                  | [potion of mutation]
   814 | D:2      | Lost mutation: Your mind is acute. (Int +4, Str/Dex -1)
                  | [potion of mutation]
   814 | D:2      | Gained mutation: Your magical capacity is low. (-10% MP)
                  | [potion of mutation]
   814 | D:2      | Gained mutation: Your large and strong wings let you fly.
                  | [potion of mutation]
   857 | D:3      | Found a glowing golden altar of the Shining One.
  1238 | D:3      | Found a basalt altar of Yredelemnul.
  1238 | D:3      | Found a bloodstained altar of Trog.
  1604 | D:3      | Reached skill level 6 in Ranged Weapons
  1604 | D:3      | Reached XP level 5. HP: 32/32 MP: 4/4
  1765 | D:3      | 1765 ||| DROPPING ring of magical power.
  1766 | D:3      | 1766 ||| DRINKING 2 purple potions.
  1802 | D:4      | Noticed Natasha
  1806 | D:4      | 1806 ||| STAIRDANCE
  1808 | D:3      | Killed Natasha
  1809 | D:3      | Reached XP level 6. HP: 38/38 MP: 5/5
  1811 | D:4      | 1811 ||| STAIRDANCE
  1830 | D:4      | Noticed Eustachio
  1842 | D:4      | Killed Eustachio
  1843 | D:4      | Reached skill level 7 in Ranged Weapons
  1867 | D:4      | Found a shadowy altar of Dithmenos.
  2097 | D:4      | Reached XP level 7. HP: 43/43 MP: 6/6
  2270 | D:4      | Identified the +1 robe of Hukunebyrch {Regen+ Int+4}
  2380 | D:4      | 2380 ||| UPGRADING to +0 ring mail.
  2390 | D:4      | 2390 ||| DROPPING +0 leather armour.
  2391 | D:4      | 2391 ||| UPGRADING to +1 robe of Hukunebyrch {Regen+
                  | Int+4}.
  2401 | D:4      | 2401 ||| DROPPING +0 ring mail.
  2402 | D:4      | 2402 ||| DROPPING ring of ice.
  2403 | D:4      | 2403 ||| READING scroll labelled XOLAGO WAKOG.
  2404 | D:4      | 2404 ||| READING scroll labelled HYOTUN ZEME.
  2405 | D:4      | 2405 ||| DRINKING 3 fuming golden potions.
  2406 | D:4      | 2406 ||| READING 2 scrolls of identify.
  2406 | D:4      | 2406 ||| IDENTIFYING glowing silvery potion
  2407 | D:4      | 2407 ||| DROPPING potion of brilliance.
  2421 | D:5      | Entered Level 5 of the Dungeon
  2539 | D:5      | Reached skill level 8 in Ranged Weapons
  2649 | D:5      | Reached XP level 8. HP: 51/51 MP: 7/7
  3105 | D:5      | Found a staircase to the Ecumenical Temple.
  3106 | D:5      | 3106 ||| PLANNING TEMPLE
  3114 | Temple   | Entered the Ecumenical Temple
  3115 | Temple   | 3115 ||| PLANNING OKAWARU WORSHIP
  3123 | Temple   | Became a worshipper of Warmaster Okawaru
  3124 | Temple   | 3124 ||| PLANNING D:1-11
  3323 | D:6      | Reached skill level 9 in Ranged Weapons
  3359 | D:6      | 3359 ||| FLEEEEING.
  3360 | D:6      | 3360 ||| FLEEEEING.
  3361 | D:6      | 3361 ||| STAIRDANCE
  3362 | D:5      | Noticed a rust devil
  3362 | D:5      | Noticed a rust devil
  3363 | D:5      | 3363 ||| RETREEAATING.
  3364 | D:5      | 3364 ||| Stepping ~*~*~tactically~*~*~ (retreating).
  3365 | D:5      | 3365 ||| Stepping ~*~*~tactically~*~*~ (retreating).
  3367 | D:5      | HP: 11/51 [orc warrior/+0 flail (8)]
  3368 | D:5      | 3368 ||| READING scroll of teleportation.
  3368 | D:5      | Slain by an orc warrior

Levels and vault maps discovered:
D:1:      minmay_arrival_shattered_statue, layout_rooms, serial_shops, shop
D:2:      layout_basic
D:3:      layout_loops_ring, amcnicky_altar_gilded,
          gammafunk_temple_overflow_statue, roderic_lattice_a, goddamned_bats
D:4:      layout_basic, mainiacjoe_overflow_cross_hatched,
          minmay_misc_feat_five, uniq_eustachio, uniq_natasha,
          uniq_crazy_yiuf_cottage
D:5:      cheibrodos_iron_armory, layout_loops_cross, lemuel_temple_firewalk_a,
          grunt_decor_fettered, chequers_arboretum
D:6:      hellmonk_destroyed_diamonds, layout_basic, serial_shops,
          nicolae_shop_advertising_works [nicolae_subvault_shop_adworks]
Temple:   eino_temple_scatter_basement

Skill      XL: |  1  2  3  4  5  6  7  8 |
---------------+-------------------------+-----
Ranged Weapons | 5 6 7 8 9 |  9.1
Fighting       | 3 4 5 |  5.7
Dodging        | 2 |  2.0
Stealth        | |  1.1

Action                     |  1- 3 |  4- 6 |  7- 9 || total
---------------------------+-------+-------+-------++-------
   Fire: Shortbow          |    85 |   107 |   127 ||   319
    Use: Scroll            |     4 |       |     4 ||     8
         Potion            |       |     2 |     1 ||     3
 Armour: Leather armour    |    19 |    50 |     3 ||    72
         Robe              |       |       |    46 ||    46
  Dodge: Dodged            |    27 |    61 |    25 ||   113

Table legend:
 A = Non-vault XP
 B = Vault XP
 C = Vault XP percentage of total XP
 D = Non-vault monster count
 E = Vault monster count
 F = Vault count percentage of total count
                 A         B        C        D         E       F
            +---------+---------+-------+---------+---------+-------
      Total |    1171 |     403 |  25.6 |      92 |      22 |  19.3
            +---------+---------+-------+---------+---------+-------
        D:1 |      41 |       0 |   0.0 |      21 |       0 |   0.0
        D:2 |      50 |       0 |   0.0 |      20 |       0 |   0.0
        D:3 |      50 |     212 |  80.9 |       8 |      21 |  72.4
        D:4 |     102 |     191 |  65.2 |      21 |       1 |   4.5
        D:5 |     845 |       0 |   0.0 |      21 |       0 |   0.0
        D:6 |      83 |       0 |   0.0 |       1 |       0 |   0.0
            +---------+---------+-------+---------+---------+-------
